[Event "Titled Tuesday Blitz July 6 2021"]
[White "Steven_Rojas"]
[Black "Pakleza, Zbigniew"]
[BlackFideId "1119290"]
[WhiteElo "2558"]
[BlackElo "2526"]
[Result "0-1"]
[Round "08"]
[TimeControl "180+1"]
[Date "2021.07.06"]
[WhiteClock "0:00:03"]
[BlackClock "0:00:05"]

1. e4 d6 2. d4 Nf6 3. Nc3 c6 4. Nf3 Bg4 5. a4 e6 6. Bd3 Be7 7. h3 Bh5 8. a5 d5 9. e5 Nfd7 10. Nb1 c5 11. c3 Nc6 12. g4 Bg6 13. dxc5 Nxc5 14. Bxg6 hxg6 15. b4 Ne4 16. Qd3 Qc7 17. Bf4 g5 18. Be3 a6 19. Bd4 Nxd4 20. Qxd4 Rc8 21. Ra3 f6 22. Kf1 Kf7 23. Kg2 Qc4 24. Rd1 Rc7 25. Qe3 Rhc8 26. Nbd2 Nxd2 27. Nxd2 Qf4 28. Qd3 fxe5 29. Nb1 e4 30. Qg3 Bf6 31. b5 axb5 32. Rb3 Qxg3+ 33. Kxg3 Bxc3 34. Rxb5 Be5+ 35. Kg2 Kf6 36. Nd2 Bf4 37. Nb3 Rc2 38. Nd4 Ra2 39. Rb6 Re8 40. Kg1 e3 41. Rf1 Ke5 0-1


[Site "https://www.chess.com"]

[Event "Titled Tuesday Blitz July 6 2021"]
[White "Stojanovski, Sandi"]
[Black "Saravana, Krishnan P."]
[WhiteFideId "1403249"]
[BlackFideId "5018382"]
[WhiteElo "2373"]
[BlackElo "2245"]
[Result "0-1"]
[Round "08"]
[TimeControl "180+1"]
[Date "2021.07.06"]
[WhiteClock "0:00:02"]
[BlackClock "0:01:46"]

1. c4 e5 2. g3 Nf6 3. Bg2 Bc5 4. Nc3 O-O 5. e3 d6 6. Nge2 c6 7. O-O Bb6 8. d4 Qe7 9. b3 Re8 10. Bb2 Nbd7 11. b4 Nf8 12. c5 Bc7 13. a3 d5 14. dxe5 Ng4 15. Nf4 Nxe5 16. Nfxd5 cxd5 17. Nxd5 Qd8 18. Nxc7 Qxc7 19. Qd4 f6 20. Rad1 Be6 21. Bd5 Rad8 22. Qe4 Bxd5 23. Rxd5 Rxd5 24. Qxd5+ Qf7 25. Rd1 Nfg6 26. h3 h5 27. e4 h4 0-1


[Site "https://www.chess.com"]

[Event "Titled Tuesday Blitz July 6 2021"]
[White "Sukandar, Irine Kharisma"]
[Black "Oliveira, Silvio Eduardo"]
[WhiteFideId "7101937"]
[BlackFideId "2111560"]
[WhiteElo "2313"]
[BlackElo "2302"]
[Result "0-1"]
[Round "08"]
[TimeControl "180+1"]
[Date "2021.07.06"]
[WhiteClock "0:00:01"]
[BlackClock "0:00:24"]

1. d4 Nf6 2. Bf4 e6 3. e3 d5 4. Nd2 Bd6 5. Bg3 O-O 6. Bd3 b6 7. Ngf3 c5 8. c3 Ba6 9. Bxa6 Nxa6 10. Qe2 Nc7 11. O-O-O b5 12. e4 Bxg3 13. hxg3 b4 14. cxb4 cxb4 15. e5 Nd7 16. Qd3 h6 17. g4 Qb8 18. g5 Qb5 19. Qxb5 Nxb5 20. gxh6 Rfc8+ 21. Kb1 Rab8 22. hxg7 Nc3+ 23. bxc3 bxc3+ 24. Ka1 cxd2 25. Rxd2 Kxg7 26. Rb2 Nb6 27. Rb3 Rc2 28. Ng5 Rbc8 29. Rf3 Na4 30. Rb1 Nc3 31. Nxe6+ fxe6 32. Rb7+ Kg8 33. Rg3+ Kf8 34. Rxa7 Rc1+ 35. Kb2 Nd1+ 0-1


[Site "https://www.chess.com"]

[Event "Titled Tuesday Blitz July 6 2021"]
[White "Svane, Rasmus"]
[Black "Petriashvili, Nikoloz"]
[WhiteFideId "4657101"]
[BlackFideId "13611216"]
[WhiteElo "2669"]
[BlackElo "2430"]
[Result "1/2-1/2"]
[Round "08"]
[TimeControl "180+1"]
[Date "2021.07.06"]
[WhiteClock "0:00:12"]
[BlackClock "0:00:05"]

1. Nf3 c5 2. c4 Nc6 3. Nc3 Nf6 4. g3 g6 5. d4 cxd4 6. Nxd4 Bg7 7. Bg2 O-O 8. O-O Qa5 9. e3 d6 10. Bd2 Bg4 11. Qb3 Qc7 12. Rac1 Bd7 13. Qa3 Rfc8 14. Nd5 Qd8 15. Nxf6+ Bxf6 16. Bc3 Ne5 17. b3 Qb6 18. Qa5 Qxa5 19. Bxa5 Nc6 20. Bc3 Nxd4 21. Bxd4 Bxd4 22. exd4 Bc6 23. d5 Bd7 24. Rce1 Kf8 25. Re3 b5 26. Rfe1 bxc4 27. Rxe7 Bf5 28. bxc4 Rxc4 29. h3 Rc1 30. g4 Bd7 31. Rxc1 Kxe7 32. Rc7 Kd8 33. Rb7 Kc8 34. Rb4 Rb8 35. Rf4 f5 36. g5 Rb1+ 37. Kh2 Rb2 38. Kg3 Rxa2 39. Rh4 a5 40. Rxh7 a4 41. h4 a3 42. h5 Rxf2 43. hxg6 a2 44. g7 Rxg2+ 45. Kxg2 a1=Q 46. g8=Q+ Kc7 47. Qf7 Qb2+ 48. Kg3 Qe5+ 49. Kf3 Qe4+ 50. Kg3 Qg4+ 51. Kh2 Qf4+ 52. Kg2 Qg4+ 53. Kf2 Qf4+ 54. Ke2 Qe4+ 55. Kd2 Qd4+ 56. Ke1 Qe3+ 57. Kf1 Qf3+ 58. Ke1 Qe3+ 59. Kf1 Qf3+ 60. Kg1 Qg3+ 61. Kh1 Qf3+ 62. Kh2 Qf2+ 63. Kh3 Qf3+ 64. Kh2 Qf2+ 65. Kh1 Qf1+ 66. Kh2 Qf2+ 1/2-1/2


[Site "https://www.chess.com"]

[Event "Titled Tuesday Blitz July 6 2021"]
[White "Svidler, Peter"]
[Black "Lodici, Lorenzo"]
[WhiteFideId "4102142"]
[BlackFideId "884189"]
[WhiteElo "2743"]
[BlackElo "2265"]
[Result "0-1"]
[Round "08"]
[TimeControl "180+1"]
[Date "2021.07.06"]
[WhiteClock "0:00:15"]
[BlackClock "0:00:21"]

1. c4 b6 2. e4 Bb7 3. Nc3 e6 4. Nf3 Bb4 5. Bd3 Bxc3 6. dxc3 Ne7 7. O-O d6 8. e5 Nd7 9. exd6 cxd6 10. Bc2 Qc7 11. b3 Rd8 12. Nd4 a6 13. Bd2 h6 14. Re1 Nf6 15. Qe2 O-O 16. Rad1 Nc6 17. Qd3 Nxd4 18. cxd4 d5 19. h3 Rc8 20. Bb1 dxc4 21. bxc4 Qxc4 22. Qg3 Kh8 23. Bxh6 gxh6 24. Qe5 Rg8 25. Qxf6+ Rg7 26. Qxh6+ Kg8 27. Be4 Bxe4 28. Rxe4 Qc2 29. Rde1 Qc6 30. f3 Qc2 31. Rg4 Rxg4 32. hxg4 Qd3 33. Re4 Rc2 34. Qg5+ Kf8 35. Qd8+ Kg7 36. Qg5+ Kf8 37. Qh6+ Ke7 38. Qg5+ Ke8 39. Kh2 Qf1 40. Qg8+ Ke7 41. Qg5+ Kd7 42. Kg3 Qxg2+ 43. Kf4 Qh2+ 44. Ke3 Qd2# 0-1


[Site "https://www.chess.com"]

[Event "Titled Tuesday Blitz July 6 2021"]
[White "Sychev, Klementy"]
[Black "Martinez Reyes, Pedro Ramon"]
[WhiteFideId "4114060"]
[BlackFideId "3901807"]
[WhiteElo "2615"]
[BlackElo "2398"]
[Result "0-1"]
[Round "08"]
[TimeControl "180+1"]
[Date "2021.07.06"]
[WhiteClock "0:00:30"]
[BlackClock "0:00:29"]

1. b4 c6 2. Bb2 Qb6 3. a3 a5 4. e3 axb4 5. Bd4 Qc7 6. axb4 Rxa1 7. Bxa1 e5 8. b5 Nf6 9. Nf3 d6 10. Be2 Be7 11. O-O O-O 12. d4 e4 13. Nfd2 d5 14. c4 Be6 15. Qc1 Qd7 16. Nc3 Bg4 17. f3 exf3 18. gxf3 Bh3 19. Rf2 Re8 20. cxd5 cxd5 21. Nf1 Qc7 22. Ng3 Nbd7 23. Bf1 Be6 24. Qb1 g6 25. Bd3 Bd6 26. Nce2 Bh3 27. e4 dxe4 28. fxe4 Ng4 29. e5 Ndxe5 30. dxe5 Bc5 31. Bd4 Nxf2 32. Bxf2 Qxe5 33. Qc1 Rc8 34. Qd2 Qa1+ 35. Nc1 Bxf2+ 36. Kxf2 Qxc1 37. Qb4 Qc5+ 38. Qxc5 Rxc5 39. Ne4 Re5 40. Kf3 Bf5 41. Nf6+ Kg7 0-1


[Site "https://www.chess.com"]

[Event "Titled Tuesday Blitz July 6 2021"]
[White "Tomiello, Lucas Costamilan"]
[Black "Sanchez Alvares, Kelvin Antonio"]
[WhiteFideId "22701940"]
[BlackFideId "3906680"]
[WhiteElo "1945"]
[BlackElo "2247"]
[Result "0-1"]
[Round "08"]
[TimeControl "180+1"]
[Date "2021.07.06"]
[WhiteClock "0:00:04"]
[BlackClock "0:00:20"]

1. e4 c5 2. Nf3 d6 3. d4 cxd4 4. Nxd4 Nf6 5. Nc3 g6 6. Be3 Bg7 7. f3 O-O 8. Qd2 Nc6 9. Bc4 Ne5 10. Bb3 Bd7 11. O-O-O Rc8 12. Kb1 Re8 13. h4 h5 14. g4 hxg4 15. h5 Nxh5 16. Rdg1 Qa5 17. Bh6 Bf6 18. Bg5 Nc4 19. Bxc4 Bxg5 20. Qd3 Qc5 21. Bb3 Kg7 22. Nf5+ Bxf5 23. exf5 Nf4 24. Qd1 Qxf5 25. Rxg4 Rh8 26. Rhg1 Bf6 27. Ne4 Qe5 28. c3 Rh2 29. Bc2 d5 30. Ng3 e6 31. Re1 Qc7 32. Nf1 Rh4 33. Ng3 Rxg4 34. fxg4 Bh4 35. Qd4+ e5 36. Rxe5 Bf6 37. Qxf4 Qxe5 38. Qxe5 Bxe5 39. Ne2 0-1


[Site "https://www.chess.com"]

[Event "Titled Tuesday Blitz July 6 2021"]
[White "Tomiello, Mateus Costamilan"]
[Black "Michailov, Matias"]
[WhiteFideId "22701958"]
[BlackFideId "3001571"]
[WhiteElo "1995"]
[BlackElo "2231"]
[Result "1-0"]
[Round "08"]
[TimeControl "180+1"]
[Date "2021.07.06"]
[WhiteClock "0:00:08"]
[BlackClock "0:00:05"]

1. e4 c5 2. Nf3 d6 3. d4 cxd4 4. Nxd4 Nf6 5. Nc3 g6 6. Be3 Bg7 7. f3 O-O 8. Qd2 Nc6 9. Bc4 Bd7 10. O-O-O Rc8 11. Bb3 Ne5 12. Kb1 Nc4 13. Bxc4 Rxc4 14. h4 h5 15. g4 hxg4 16. h5 Nxh5 17. fxg4 Bxg4 18. Rdg1 Qd7 19. Nd5 Re8 20. c3 e6 21. Nb6 axb6 22. Rxg4 Nf6 23. Rgh4 e5 24. Bg5 Nxe4 25. Qh2 f5 26. Rh8+ Kf7 27. Rh7 Rg8 28. Bh6 Nf6 29. Rxg7+ Rxg7 30. Bxg7 Kxg7 31. Qh8+ Kf7 32. Nf3 Ke6 33. Ng5+ Kd5 34. Qxf6 Rg4 35. Rd1+ Kc5 36. Ne6+ Kc6 37. Nf8 Qc7 38. Qe6 b5 39. Qd5+ Kb6 40. Ne6 Qc6 41. Qd3 Qe4 42. Qxe4 Rxe4 43. Rxd6+ Ka7 44. Nc5 Re1+ 45. Kc2 g5 46. Rd7 g4 47. Rxb7+ Ka8 48. Rxb5 g3 49. Nd3 g2 50. Nxe1 g1=Q 51. Nd3 Qg2+ 52. Kb3 Qe4 53. Ra5+ Kb8 54. Rb5+ Kc7 55. Nc5 Qd5+ 56. c4 Qd1+ 57. Kb4 e4 58. Rb7+ Kc8 59. Re7 Qd6 60. Re6 Qb8+ 61. Kc3 Qc7 62. Na6 Qg3+ 63. Kb4 Qd3 64. Rc6+ Kd7 65. Nc5+ Kxc6 66. Nxd3 exd3 67. Kc3 Kc5 68. Kxd3 f4 69. b3 f3 70. Ke3 f2 1-0


[Site "https://www.chess.com"]

[Event "Titled Tuesday Blitz July 6 2021"]
[White "Torkkola, Henri"]
[Black "AleksanderHnydiuk"]
[WhiteFideId "507660"]
[WhiteElo "2137"]
[BlackElo "2530"]
[Result "0-1"]
[Round "08"]
[TimeControl "180+1"]
[Date "2021.07.06"]
[WhiteClock "0:00:01"]
[BlackClock "0:01:15"]

1. d4 Nf6 2. Bf4 g6 3. e3 Bg7 4. Nf3 O-O 5. Be2 d6 6. h3 Nc6 7. Nc3 Qe8 8. O-O e5 9. Bh2 Qe7 10. a4 Bf5 11. a5 a6 12. Re1 Rfe8 13. Bc4 Rad8 14. Bb3 Ne4 15. Nxe4 Bxe4 16. Nd2 Bf5 17. e4 Bc8 18. d5 Nb8 19. Ba4 Rf8 20. c4 f5 21. f3 Bh6 22. Kh1 Nd7 23. b4 Nf6 24. b5 Nh5 25. bxa6 bxa6 26. c5 Qh4 27. Nf1 Bf4 28. cxd6 cxd6 29. Qe2 g5 30. exf5 Bxh2 31. Kxh2 Qf4+ 32. Kh1 Bxf5 33. g4 Bg6 34. gxh5 Bxh5 35. Nh2 Qg3 36. Rg1 Qh4 37. Rg2 h6 38. Bd1 Qxh3 39. Ra4 Bxf3 40. Qf1 Bxd5 41. Qg1 Rf4 42. Rxf4 exf4 43. Be2 Re8 0-1


[Site "https://www.chess.com"]

[Event "Titled Tuesday Blitz July 6 2021"]
[White "Tristan, Leonardo"]
[Black "Jakubowski, Krzysztof"]
[WhiteFideId "113816"]
[BlackFideId "1112848"]
[WhiteElo "2723"]
[BlackElo "2602"]
[Result "1-0"]
[Round "08"]
[TimeControl "180+1"]
[Date "2021.07.06"]
[WhiteClock "0:00:16"]
[BlackClock "0:00:04"]

1. d4 Nf6 2. Bg5 d5 3. Nd2 Nbd7 4. Ngf3 e6 5. e3 Be7 6. Bd3 c5 7. c3 c4 8. Bc2 b5 9. e4 Qb6 10. e5 Ng8 11. a3 h6 12. Be3 Bb7 13. h4 Bf8 14. h5 Ne7 15. a4 a6 16. axb5 axb5 17. Rxa8+ Bxa8 18. Qa1 Bb7 19. g4 Nc6 20. g5 b4 21. g6 f6 22. exf6 Nxf6 23. Ne5 Be7 24. Ndf3 O-O 25. Qc1 bxc3 26. bxc3 Ne4 27. Nd7 Qa5 28. Bxe4 dxe4 29. Nxf8 Bxf8 30. Nd2 Qd5 31. Qb1 Na5 32. Qb6 Nb3 33. Qc7 e5 34. Qxc4 Nxd2 35. Qxd5+ Bxd5 36. Kxd2 exd4 37. cxd4 Bb4+ 38. Kc2 1-0


[Site "https://www.chess.com"]

[Event "Titled Tuesday Blitz July 6 2021"]
[White "Vakhlamov, Igor L."]
[Black "Markidis, Konstantinos"]
[WhiteFideId "24126748"]
[BlackFideId "4203500"]
[WhiteElo "2416"]
[BlackElo "2304"]
[Result "1/2-1/2"]
[Round "08"]
[TimeControl "180+1"]
[Date "2021.07.06"]
[WhiteClock "0:00:06"]
[BlackClock "0:00:17"]

1. e4 e6 2. d4 d5 3. Nc3 h6 4. Nf3 Nf6 5. Bd3 Bb4 6. exd5 exd5 7. O-O O-O 8. Ne2 Bd6 9. Ng3 c5 10. dxc5 Bxc5 11. Bf4 Nc6 12. a3 a6 13. Qd2 Re8 14. Rae1 Be6 15. Bxh6 gxh6 16. Qxh6 Bf8 17. Qh4 Bg7 18. Ng5 Qd6 19. Nh5 Nxh5 20. Qxh5 Ne5 21. h3 f6 22. Nxe6 Rxe6 23. Qh7+ Kf8 24. Bf5 Re7 25. f4 Nf7 26. Qh4 Rxe1 27. Rxe1 Re8 28. Rxe8+ Kxe8 29. Bg6 Kf8 30. Qf2 Nd8 31. g3 Nc6 32. c3 d4 33. cxd4 Qxd4 34. Qxd4 Nxd4 35. Be4 f5 36. Bxb7 a5 37. Kf2 Ke7 38. b4 a4 39. g4 Kd6 40. g5 Nc2 41. Bc8 Nxa3 42. Bxf5 Nc4 43. Bb1 a3 44. Ba2 Nb2 45. Ke2 Na4 46. Kd3 Nc3 47. Bb3 a2 48. Bxa2 Nxa2 49. f5 Ke5 50. f6 Bf8 51. b5 Nb4+ 52. Kc4 Nd5 53. h4 Nb6+ 54. Kd3 Kf5 55. Kd4 Ke6 56. Ke4 Nc4 57. Kd4 Nb6 58. Ke4 Nc4 59. Kd4 Nb6 1/2-1/2


[Site "https://www.chess.com"]

[Event "Titled Tuesday Blitz July 6 2021"]
[White "Villegas, Pierre"]
[Black "Lee, Qing Aun"]
[WhiteFideId "654183"]
[BlackFideId "5804167"]
[WhiteElo "2411"]
[BlackElo "2023"]
[Result "0-1"]
[Round "08"]
[TimeControl "180+1"]
[Date "2021.07.06"]
[WhiteClock "0:00:02"]
[BlackClock "0:00:02"]

1. d4 f5 2. Nc3 Nf6 3. Bg5 Nc6 4. f3 d5 5. e3 e6 6. h4 Be7 7. h5 b6 8. Nge2 Bb7 9. Nf4 Qd7 10. Bb5 a6 11. Bxc6 Bxc6 12. Nd3 Bb7 13. Ne5 Qd6 14. h6 g6 15. Qe2 Rf8 16. O-O-O Nh5 17. Bxe7 Qxe7 18. Rh3 O-O-O 19. g4 Nf6 20. g5 Nd7 21. Nxd7 Rxd7 22. f4 Rfd8 23. Qe1 Kb8 24. Ne2 a5 25. Ng1 Ba6 26. Nf3 Rc8 27. Ne5 Rd6 28. Qc3 Kb7 29. Rh2 Qf8 30. Rhd2 Qe7 31. Qa3 Qe8 32. b3 c5 33. Kb1 Rdd8 34. dxc5 Rxc5 35. c4 Rdc8 36. cxd5 exd5 37. Rxd5 Rxd5 38. Rxd5 Bb5 39. Qb2 Bc6 40. Rd4 Be4+ 41. Ka1 Rc2 42. Qa3 Qc8 43. Qe7+ Ka6 44. Nc4 Rc1+ 45. Kb2 Rc2+ 46. Ka3 Qc6 47. Rd6 Qc5+ 48. Ka4 Qb4# 0-1


[Site "https://www.chess.com"]

[Event "Titled Tuesday Blitz July 6 2021"]
[White "Vivas Zamora, Fabian Ernesto"]
[Black "Maevsky, Nikolay"]
[WhiteFideId "3902480"]
[BlackFideId "4198220"]
[WhiteElo "1966"]
[BlackElo "2213"]
[Result "1/2-1/2"]
[Round "08"]
[TimeControl "180+1"]
[Date "2021.07.06"]
[WhiteClock "0:00:02"]
[BlackClock "0:00:04"]

1. c4 Nc6 2. Nf3 e5 3. Nc3 Nf6 4. e4 Bc5 5. Nxe5 Nxe5 6. d4 Bd6 7. c5 Ng6 8. cxd6 cxd6 9. h4 h6 10. h5 Ne7 11. Bf4 d5 12. e5 Ne4 13. Qg4 Nxc3 14. bxc3 Qa5 15. Bd2 O-O 16. Qg3 Nf5 17. Qf3 d6 18. Bd3 dxe5 19. Bxf5 Bxf5 20. Qxf5 exd4 21. Rh3 Rfe8+ 22. Kf1 Qa6+ 23. Kg1 Qe2 24. Rd3 Re5 25. Qh3 Rxh5 26. Qg3 dxc3 27. Bxc3 Rg5 28. Qh3 Re8 29. Re1 Qxe1+ 30. Bxe1 Rxe1+ 31. Kh2 Ree5 32. g4 Rg6 33. f4 Re2+ 34. Kg3 Rge6 35. Qf1 R6e4 36. Qf3 d4 37. Kh4 Rh2+ 38. Kg3 Rhe2 39. Kh4 Rh2+ 40. Kg3 Rhe2 1/2-1/2


[Site "https://www.chess.com"]

[Event "Titled Tuesday Blitz July 6 2021"]
[White "Vlachos, Anatole"]
[Black "Maly, Alexey"]
[WhiteFideId "26093189"]
[BlackFideId "14103184"]
[WhiteElo "2350"]
[BlackElo "2285"]
[Result "0-1"]
[Round "08"]
[TimeControl "180+1"]
[Date "2021.07.06"]
[WhiteClock "0:01:16"]
[BlackClock "0:00:40"]

1. Nf3 d5 2. g3 c6 3. Bg2 Nf6 4. O-O h6 5. d3 Bf5 6. Nbd2 e6 7. Qe1 Bh7 8. e4 Be7 9. Qe2 O-O 10. b3 a5 11. a4 Na6 12. Bb2 Nb4 13. Ne1 Qb6 14. Kh1 Rfe8 15. f4 dxe4 16. dxe4 Rad8 17. Nc4 Qc7 18. Nd3 Nxd3 19. cxd3 Nd7 20. Bc3 b6 21. Qe3 Nc5 22. d4 Nxb3 23. Rab1 b5 24. Rxb3 bxc4 25. Rbb1 Rb8 26. Qe2 Rxb1 27. Rxb1 Rb8 28. Rc1 Ba3 29. Ra1 Rb3 30. Qxc4 Qb6 31. h4 Rb1+ 32. Rxb1 Qxb1+ 33. Kh2 Bxe4 34. Bxe4 Qxe4 35. Bxa5 Bd6 36. Bd2 g5 37. hxg5 hxg5 38. fxg5 Qh4+ 39. Kg2 Qxg3+ 40. Kf1 Qf3+ 41. Kg1 Bg3 42. Qf1 Bh2+ 0-1


[Site "https://www.chess.com"]

[Event "Titled Tuesday Blitz July 6 2021"]
[White "Vovk, Orest"]
[Black "Jarovinsky, Alexey"]
[WhiteFideId "14113490"]
[BlackFideId "14115131"]
[WhiteElo "2203"]
[BlackElo "2446"]
[Result "0-1"]
[Round "08"]
[TimeControl "180+1"]
[Date "2021.07.06"]
[WhiteClock "0:00:07"]
[BlackClock "0:00:06"]

1. g4 Nc6 2. Bg2 d5 3. h3 e5 4. c4 d4 5. Bxc6+ bxc6 6. d3 c5 7. Nf3 Bd6 8. Qa4+ Bd7 9. Qa5 Ne7 10. Nbd2 O-O 11. Ne4 Nc6 12. Qa4 Rb8 13. a3 f6 14. Qc2 Na5 15. b4 cxb4 16. axb4 Bxb4+ 17. Bd2 Nc6 18. Bxb4 Rxb4 19. Nc5 Bc8 20. Nd2 Qe7 21. Nde4 a5 22. Qd2 Kh8 23. Rg1 Rb8 24. h4 Be6 25. h5 h6 26. Rg3 Bg8 27. f3 Bh7 28. Kf2 Rb6 29. Rxa5 Nxa5 30. Qxa5 Bxe4 31. Nxe4 Rb1 32. Qd5 Qb4 33. Rg1 Rxg1 34. Kxg1 Qe1+ 35. Kg2 Qxe2+ 36. Nf2 Rb8 37. Qf7 c5 38. Kg3 Qd2 39. Kg2 Qb2 40. Kg3 Qb7 41. Qxb7 Rxb7 42. Ne4 Rc7 43. f4 exf4+ 44. Kxf4 Kg8 45. Kf5 Kf7 46. Nd6+ Ke7 47. Ne4 Kf7 48. Nd6+ Kf8 49. Ne4 Re7 50. Nxc5 Re5+ 51. Kf4 Rxc5 52. Ke4 Rg5 53. Kxd4 Rxg4+ 54. Kc5 Ke7 55. d4 Kd7 56. d5 Rg3 57. Kd4 Rg1 58. c5 Rd1+ 59. Ke4 Rc1 60. Kd4 f5 61. Ke5 f4 62. Kxf4 Rxc5 63. Ke5 Rb5 64. Ke4 Kd6 65. Kf5 Rxd5+ 66. Kg6 Rg5+ 67. Kh7 Ke6 0-1


[Site "https://www.chess.com"]

[Event "Titled Tuesday Blitz July 6 2021"]
[White "Vykouk, Jan"]
[Black "Orozbaev, Eldiar"]
[WhiteFideId "349658"]
[BlackFideId "13802240"]
[WhiteElo "2721"]
[BlackElo "2580"]
[Result "1/2-1/2"]
[Round "08"]
[TimeControl "180+1"]
[Date "2021.07.06"]
[WhiteClock "0:00:10"]
[BlackClock "0:00:25"]

1. e4 e6 2. d4 d5 3. Nd2 c5 4. exd5 exd5 5. Ngf3 Nc6 6. Bb5 Bd6 7. O-O Ne7 8. dxc5 Bxc5 9. Nb3 Bd6 10. Bg5 f6 11. Bh4 O-O 12. Bg3 Bg4 13. Re1 Qc7 14. Bxd6 Qxd6 15. Be2 Rad8 16. h3 Bh5 17. Nfd4 Bxe2 18. Qxe2 Rfe8 19. Qe6+ Qxe6 20. Nxe6 Rd6 21. Ned4 a6 22. Re2 Kf7 23. Rae1 Rc8 24. c3 Ng6 25. g3 Nge5 26. f4 Nd3 27. Rd1 Nxd4 28. cxd4 Nb4 29. a3 Rc2 30. Rxc2 Nxc2 31. Rc1 Rc6 32. Na5 Nxd4 33. Nxc6 Ne2+ 34. Kf2 Nxc1 35. Nd8+ Ke7 36. Nxb7 Nd3+ 37. Ke3 Nxb2 38. Kd4 Nc4 39. a4 Nd6 40. Nc5 Nf5+ 41. Kxd5 Nxg3 42. Nxa6 Kd7 43. Nc5+ Kc7 44. Ne6+ Kb6 45. Nxg7 Ka5 46. Ke6 Ne2 47. f5 Nf4+ 48. Kxf6 Nxh3 49. Nh5 Kxa4 50. Kg7 Kb5 51. f6 Kc6 52. f7 Ng5 53. f8=Q Ne6+ 54. Kf7 Nxf8 55. Kxf8 1/2-1/2


[Site "https://www.chess.com"]

[Event "Titled Tuesday Blitz July 6 2021"]
[White "Wagner, Dennis"]
[Black "Rodchenkov, Vitaly"]
[WhiteFideId "24650684"]
[BlackFideId "4152964"]
[WhiteElo "2355"]
[BlackElo "2337"]
[Result "0-1"]
[Round "08"]
[TimeControl "180+1"]
[Date "2021.07.06"]
[WhiteClock "0:00:01"]
[BlackClock "0:00:07"]

1. d4 Nf6 2. c4 e6 3. Nf3 b6 4. a3 Bb7 5. Nc3 Ne4 6. Nxe4 Bxe4 7. Nd2 Bg6 8. e4 Be7 9. Bd3 O-O 10. O-O d5 11. Re1 c5 12. Nf3 cxd4 13. cxd5 exd5 14. e5 Nc6 15. Bxg6 hxg6 16. Nxd4 Nxd4 17. Qxd4 Rc8 18. Bf4 Rc4 19. Qd2 Qd7 20. Rad1 Qe6 21. Bg3 Rd8 22. Qd3 a5 23. h3 a4 24. Re2 b5 25. Qf3 b4 26. axb4 Bxb4 27. Qd3 Ba5 28. Rc2 Rxc2 29. Qxc2 d4 30. Qxa4 Bb6 31. Qb5 Rd5 32. Qd3 Qc6 33. Kh2 Rb5 34. Rd2 Rb4 35. Rc2 Qd5 36. Rc8+ Kh7 37. Rc2 Rb3 38. Qd1 d3 39. Rc8 Rb4 40. Rc3 d2 41. Rc2 Rd4 42. b3 Ba5 43. b4 Bxb4 44. f3 Rd3 45. Rb2 Bc5 46. Rc2 Be3 47. Rb2 Bd4 48. Rc2 Bxe5 49. f4 Bd6 50. Rc8 Qf5 51. Rd8 Rxg3 52. Rxd6 Qxf4 0-1


[Site "https://www.chess.com"]

[Event "Titled Tuesday Blitz July 6 2021"]
[White "Weetik, Vjacheslav"]
[Black "Isajevsky, Anton"]
[WhiteFideId "4153472"]
[BlackFideId "4142500"]
[WhiteElo "2469"]
[BlackElo "2510"]
[Result "1-0"]
[Round "08"]
[TimeControl "180+1"]
[Date "2021.07.06"]
[WhiteClock "0:00:47"]
[BlackClock "0:00:01"]

1. d4 d5 2. Bf4 Nf6 3. e3 e6 4. Nd2 Bd6 5. Bg3 c5 6. c3 O-O 7. Ngf3 Qc7 8. dxc5 Qxc5 9. c4 Bxg3 10. hxg3 Nc6 11. a3 Rd8 12. Qc2 Qe7 13. g4 g6 14. g5 Ne8 15. Qc3 Nd6 16. O-O-O Ne4 17. Nxe4 dxe4 18. Nd2 Rxd2 19. Rxd2 Qxg5 20. c5 e5 21. Bb5 Be6 22. g3 Rc8 23. Kb1 h5 24. Rhd1 Kh7 25. Rd6 Qf5 26. R1d2 Ne7 27. Bd7 Bxd7 28. Rxd7 Ng8 29. Rxb7 Kg7 30. Rxa7 Nh6 31. Rdd7 1-0


[Site "https://www.chess.com"]

[Event "Titled Tuesday Blitz July 6 2021"]
[White "Williams, Simon K"]
[Black "Eynullayev, Atilla"]
[WhiteFideId "404454"]
[BlackFideId "13413570"]
[WhiteElo "2468"]
[BlackElo "1997"]
[Result "1-0"]
[Round "08"]
[TimeControl "180+1"]
[Date "2021.07.06"]
[WhiteClock "0:00:11"]
[BlackClock "0:00:05"]

1. f4 Nf6 2. Nf3 d5 3. e3 g6 4. g3 Bg7 5. Bg2 O-O 6. O-O c5 7. d3 b5 8. Ne5 Bb7 9. a4 b4 10. a5 a6 11. c3 Nc6 12. Nxc6 Bxc6 13. cxb4 cxb4 14. Nd2 Rc8 15. Nf3 Bb7 16. Qb3 d4 17. e4 Rb8 18. h3 Nd7 19. Bd2 Nc5 20. Qc4 Rc8 21. Qxb4 Ba8 22. Qa3 Rc7 23. Rac1 Nb7 24. Rxc7 Qxc7 25. Rc1 Qd7 26. Ne5 Bxe5 27. fxe5 Nd8 28. Qc5 Ne6 29. Qb6 Rc8 30. Qxa6 Rxc1+ 31. Bxc1 Bb7 32. Qc4 Qd8 33. Bd2 Qb8 34. b4 Qa8 35. b5 Bc8 36. a6 Bd7 37. b6 Bc6 38. h4 h5 39. Bh3 Nf8 40. Bb4 e6 41. Bxf8 Kxf8 42. Bf1 Qc8 43. Be2 Qd7 44. Bd1 Kg7 45. Qb4 Bb5 46. b7 Qc7 47. Qxb5 Qc1 48. Qb3 Qe3+ 49. Kg2 Qd2+ 50. Kh3 Qe1 51. Qc2 Qh1+ 52. Qh2 Qf1+ 53. Qg2 Qxd1 54. b8=Q Qg4+ 55. Kh2 g5 56. Qd8 gxh4 57. Qxh4 Qg6 58. a7 1-0


[Site "https://www.chess.com"]

[Event "Titled Tuesday Blitz July 6 2021"]
[White "Yakubboev, Nodirbek"]
[Black "Khanin, Semen"]
[WhiteFideId "14203987"]
[BlackFideId "4111990"]
[WhiteElo "2519"]
[BlackElo "2521"]
[Result "1-0"]
[Round "08"]
[TimeControl "180+1"]
[Date "2021.07.06"]
[WhiteClock "0:00:12"]
[BlackClock "0:00:05"]

1. d4 Nf6 2. Nf3 g6 3. Bf4 Bg7 4. e3 b6 5. Nbd2 Bb7 6. h3 d6 7. Be2 O-O 8. O-O Re8 9. Bh2 Nc6 10. Nc4 b5 11. Ncd2 a6 12. a4 b4 13. Nc4 a5 14. c3 Ne4 15. Qc2 f5 16. Rfd1 e6 17. Ncd2 Ne7 18. cxb4 axb4 19. Rac1 Nxd2 20. Nxd2 Nd5 21. Nc4 Qg5 22. Bf1 Rf8 23. Nd2 Nxe3 24. fxe3 Qxe3+ 25. Kh1 Bxd4 26. Nc4 Qf2 27. Qxf2 Bxf2 28. b3 e5 29. Bg1 Bxg1 30. Kxg1 Kf7 31. Ne3 Rac8 32. Nd5 c6 33. Nxb4 d5 34. a5 Ba8 35. Nd3 Kf6 36. Nc5 Rfd8 37. Kf2 Rb8 38. a6 e4 39. g3 d4 40. Rc4 Ke5 41. Ra4 Rd5 42. Ra5 Kd6 43. Rc1 e3+ 44. Kf3 d3 45. Bxd3 Rb4 46. Kxe3 g5 47. Be2 f4+ 48. gxf4 gxf4+ 49. Kf2 Rbd4 50. Bf3 Rd2+ 51. Ke1 R2d4 52. Nb7+ Bxb7 53. Rxd5+ cxd5 54. axb7 Rb4 55. Rd1 Rxb7 56. Rxd5+ Ke6 57. Re5+ Kxe5 58. Bxb7 Kd4 59. Kd2 h6 60. Bf3 1-0


[Site "https://www.chess.com"]

[Event "Titled Tuesday Blitz July 6 2021"]
[White "Yanchenko, Roman"]
[Black "Jobava, Baadur"]
[WhiteFideId "4137329"]
[BlackFideId "13601520"]
[WhiteElo "2514"]
[BlackElo "2748"]
[Result "0-1"]
[Round "08"]
[TimeControl "180+1"]
[Date "2021.07.06"]
[WhiteClock "0:00:04"]
[BlackClock "0:00:08"]

1. d4 Nf6 2. c4 c5 3. Nf3 e6 4. Nc3 cxd4 5. Nxd4 b6 6. e3 Bb7 7. Nf3 Be7 8. Be2 O-O 9. O-O Nc6 10. b3 Qb8 11. Bb2 Rd8 12. Rc1 h6 13. Qc2 d5 14. cxd5 Nb4 15. Qb1 Nbxd5 16. Nxd5 Bxd5 17. h3 Qb7 18. Rfd1 Rac8 19. Qa1 Ne8 20. Ne1 Bf8 21. Bf3 Nc7 22. Be5 Bxf3 23. Rxd8 Rxd8 24. Rxc7 Qa6 25. Nxf3 Qe2 26. Rc1 f6 27. Bb2 e5 28. Qb1 Qa6 29. a4 b5 30. Qe4 Rb8 31. axb5 Qxb5 32. Nd2 Qa5 33. Qc4+ Kh8 34. Ne4 Qb6 35. Rc3 Qb7 36. Ng3 a5 37. Kh2 Qd7 38. Rd3 Qe8 39. Bc3 Rc8 40. Qe4 Qb5 41. Bd2 Rb8 42. Nf5 Kg8 43. Rc3 Bb4 44. Rc2 Bf8 45. Qc4+ Qxc4 46. bxc4 a4 47. c5 a3 48. Bc1 Ra8 49. Ra2 Bxc5 50. Ng3 Be7 51. Ne4 Kf7 52. Nd2 Rd8 53. Ra1 Ke6 54. Nc4 Rd1 55. Bb2 Rxa1 56. Bxa1 Kd5 57. Nd2 Bb4 58. Nb3 Kc4 59. Nc1 Bd2 60. Ne2 Kd3 61. Ng3 a2 62. Kg1 Bc3 63. Ne2 Bd2 64. Kf1 Kc2 65. e4 Kb1 66. Nd4 exd4 67. Bxd4 Bc1 68. e5 fxe5 69. Bxe5 Bb2 70. Bf4 a1=Q 71. g4 Qa6+ 72. Kg2 Kc2 73. f3 Qb7 74. Be3 Bc3 75. Bf2 Qd5 0-1


[Site "https://www.chess.com"]